 Dungeon Crawl Stone Soup version 0.25-a0-510-ge065f6de7d (webtiles) character file.

Game seed: 3438183727663411532, levelgen mode: classic

930 EnegeticOcto the Chopper (level 7, -6/96 HPs)
             Began as a Deep Dwarf Fighter on Feb 15, 2020.
             Mangled by a killer bee (7 damage)
             ... on level 4 of the Dungeon.
             The game lasted 00:01:21 (923 turns).

EnegeticOcto the Chopper (Deep Dwarf Fighter)        Turns: 923, Time: 00:01:21

Health: -6/96      AC:  8    Str: 26    XL:     7   Next: 86%
Magic:  0/0        EV: 10    Int:  9    God:
Gold:   43         SH: 10    Dex: 12    Spells: 6/6 levels left

rFire    . . .     SeeInvis .   a - +0 war axe
rCold    . . .     Gourm    .   c - +0 kite shield
rNeg     . . .     Faith    .   b - +0 scale mail
rPois    .         Spirit   .   j - +0 helmet
rElec    .         Reflect  .   (no cloak)
rCorr    .         Harm     .   (no gloves)
MR       +....                  (no boots)
Stlth    ..........             (no amulet)
HPRegen  0.00/turn              (no ring)
MPRegen  0.07/turn              (no ring)

@: berserking, lethally poisoned (-6 -> -24), very slightly contaminated,
non-regenerating, invisible, very quick
A: damage resistance, heal wounds, sense surroundings 1, no regeneration
a: Heal Wounds


You were on level 4 of the Dungeon.
You were not hungry.

You visited 1 branch of the dungeon, and saw 4 of its levels.

You collected 43 gold pieces.

Inventory:

Hand Weapons
 a - a +0 war axe (weapon)
Armour
 b - a +0 scale mail (worn)
 c - a +0 kite shield (worn)
 j - a +0 helmet (worn)
Wands
 q - a wand of flame (18)
Scrolls
 g - 3 scrolls of enchant armour {unknown}
 h - a scroll of fear {unknown}
 i - a scroll of identify {unknown}
 l - a scroll of teleportation {unknown}
 m - a scroll of fog {unknown}
 p - a scroll of remove curse {unknown}
Potions
 d - a potion of might {@q3}
 k - a potion of invisibility
 o - a potion of magic {unknown}
Comestibles
 e - 3 rations
 f - 11 chunks of flesh


   Skills:
 + Level 4.3 Fighting
 * Level 6.1 Axes
 + Level 5.2 Armour
 + Level 3.6 Dodging
 + Level 5.0 Shields


You had 6 spell levels left.
You didn't know any spells.
Your spell library was empty.

Dungeon Overview and Level Annotations

Branches:
Dungeon (4/15)
 Temple: D:4-7

Altars:
Wu Jian

Annotations:
D:3 2 transporters


Innate Abilities, Weirdness & Mutations

You are resistant to damage.
You can heal yourself by infusing magical energy.
You passively map a small area around you.
You do not regenerate.


Message History

The killer bee poisons you! You block the killer bee's attack.
The killer bee stings you but does no damage.
You block the killer bee's attack.
You hit the killer bee.
The killer bee is almost dead.
You hit the killer bee. The killer bee closely misses you.
You block the killer bee's attack. The killer bee misses you.
You block the killer bee's attack. The killer bee stings you. x2
You are more poisoned.
The killer bee poisons you!
You closely miss the killer bee.
The killer bee is severely wounded.
You barely miss the killer bee. The killer bee barely misses you.
The killer bee closely misses you. You block the killer bee's attack.
The killer bee barely misses you.
You hit the killer bee.
The killer bee is almost dead.
You miss the killer bee. The killer bee closely misses you. x2
You block the killer bee's attack.
The killer bee stings you but does no damage. x2
You miss the killer bee.
The killer bee is almost dead.
You closely miss the killer bee. You block the killer bee's attack.
The killer bee stings you. The killer bee closely misses you.
You block the killer bee's attack. The killer bee stings you.
You are more poisoned.
The killer bee poisons you!
You are too injured to fight recklessly!
You are too injured to fight recklessly!
You are too injured to fight recklessly!
You are too injured to fight recklessly!
You are too injured to fight recklessly!
Your magical essence is drained by the effort!
You feel much better.
You feel sick. You block the killer bee's attack. The killer bee stings you.
You are more poisoned.
The killer bee poisons you! The killer bee stings you.
You are more poisoned.
The killer bee poisons you! The killer bee stings you.
You completely miss the killer bee.
The killer bee is almost dead.
You barely miss the killer bee.
You feel very sick. The killer bee closely misses you.
The killer bee stings you but does no damage.
You block the killer bee's attack. The killer bee barely misses you.
The killer bee stings you but does no damage.
You miss the killer bee.
The killer bee is almost dead.
You miss the killer bee.
You feel very sick. You block the killer bee's attack.
The killer bee barely misses you. x3
The killer bee stings you.
Your shield and scale mail prevent you from hitting the killer bee.
The killer bee is almost dead.
You hit the killer bee but do no damage.
You feel very sick. The killer bee stings you. The killer bee stings you!
* * * LOW HITPOINT WARNING * * *
The killer bee stings you!
* * * LOW HITPOINT WARNING * * *
You are more poisoned.
The killer bee poisons you! The killer bee stings you.
You are too injured to fight recklessly!
You are too injured to fight recklessly!
You are too injured to fight recklessly!
You are too injured to fight recklessly!
You are too injured to fight recklessly!
You are too injured to fight recklessly!
You are too injured to fight recklessly!
You are too injured to fight recklessly!
You are too injured to fight recklessly!
You are too injured to fight recklessly!
You are too injured to fight recklessly!
You don't have enough innate magic capacity.
You are too injured to fight recklessly!
You are too injured to fight recklessly!
You are too injured to fight recklessly!
You are too injured to fight recklessly!
You are too injured to fight recklessly!
You are too injured to fight recklessly!
You are too injured to fight recklessly!
It was a potion of invisibility.
You fade into invisibility!
* * * LOW HITPOINT WARNING * * *
You feel very sick. The killer bee stings you.
* * * LOW HITPOINT WARNING * * *
The killer bee barely misses you. You block the killer bee's attack. x2
You are very lightly contaminated with residual magic.
It was a potion of berserk rage.
A red film seems to cover your vision as you go berserk!
You feel yourself moving faster!
You feel mighty!
* * * LOW HITPOINT WARNING * * *
You feel very sick. The killer bee stings you.
* * * LOW HITPOINT WARNING * * *
The killer bee stings you but does no damage.
You block the killer bee's attack. The killer bee stings you!
You die...

,, * ### , * , ..## ##
...# , , #.. ..## * ##..
#..# .....##..# ,
.....yyy.##### * , , ,*
,#@.##..## *
..#####.###...## ,
........##.....# ## ,,
.............## #... ,,
....#.#.......## .... ,
##. #####..##..#### # ...
..###, #...#.....#..# ..##
....###..####.............
...
,....#.#..#.......#..#....
*


You could see 3 killer bees.

Vanquished Creatures
  Grinder (D:3)
  Eustachio (D:4)
  Duvessa (D:4)
  An ogre (D:4)
  Blork the orc (D:4)
  Dowan (D:4)
  A howler monkey (D:4)
  A hound (D:4)
  A centaur skeleton (D:4)
  2 orc wizards (D:4)
  A worker ant (D:4)
  Robin (D:3)
  4 adders
  A howler monkey skeleton (D:4)
  2 worms
  7 orcs (D:4)
  6 giant cockroaches
  2 hobgoblins
  4 jackals (D:1)
  A quokka (D:4)
  A ball python (D:2)
  4 bats
  4 frilled lizards
  10 goblins (D:3)
  A kobold (D:3)
  A quokka skeleton (D:4)
  A rat (D:1)
62 creatures vanquished.

Notes
Turn   | Place    | Note
-------+----------+-------------------------------------------
     0 | D:1      | EnegeticOcto the Deep Dwarf Fighter began the quest for the
                  | Orb.
     0 | D:1      | Reached XP level 1. HP: 20/20 MP: 1/1
    49 | D:1      | Reached XP level 2. HP: 27/27 MP: 1/1
   135 | D:2      | Reached skill level 1 in Dodging
   221 | D:3      | Noticed Robin
   226 | D:3      | Reached XP level 3. HP: 29/33 MP: 2/2
   238 | D:3      | Reached skill level 3 in Axes
   246 | D:3      | Killed Robin
   307 | D:3      | Found a transporter.
   309 | D:3      | Noticed a centaur
   313 | D:3      | Found an ornate altar of the Wu Jian Council.
   313 | D:3      | Noticed Grinder
   316 | D:3      | Paralysed by Grinder for 6 turns
   341 | D:3      | Killed Grinder
   341 | D:3      | Reached skill level 4 in Axes
   341 | D:3      | Reached XP level 4. HP: 42/42 MP: 3/3
   341 | D:3      | Reached XP level 5. HP: 49/49 MP: 4/4
   346 | D:3      | Found a transporter.
   397 | D:4      | Reached XP level 6. HP: 51/56 MP: 5/5
   556 | D:4      | Noticed Eustachio
   590 | D:4      | Reached skill level 5 in Axes
   605 | D:4      | HP: 2/57 [Eustachio/+0 rapier (2)]
   633 | D:4      | Killed Eustachio
   633 | D:4      | Reached XP level 7. HP: 41/64 MP: 1/1
   729 | D:4      | Noticed Blork the orc
   756 | D:4      | Killed Blork the orc
   852 | D:4      | Noticed Duvessa
   853 | D:4      | Noticed Dowan
   860 | D:4      | Reached skill level 5 in Armour
   872 | D:4      | Killed Duvessa
   872 | D:4      | Reached skill level 6 in Axes
   872 | D:4      | Reached skill level 5 in Shields
   883 | D:4      | Killed Dowan
   923 | D:4      | HP: 4/96 [poisoned by a killer bee]
   923 | D:4      | HP: 1/96 [killer bee (3)]
   923 | D:4      | Mangled by a killer bee

Levels and vault maps discovered:
D:1:      evilmike_arrival_run_for_it, layout_rooms
D:2:      layout_basic, uniq_jessica
D:3:      layout_rooms, gammafunk_temple_overflow_arena, uniq_robin,
          uniq_grinder
D:4:      layout_cave_pools, uniq_duvessa, uniq_eustachio, uniq_blork_the_orc

Skill      XL: |  1  2  3  4  5  6  7 |
---------------+----------------------+-----
Dodging        | 1 2 3 |  3.6
Axes           | 4 5 6 |  6.1
Fighting       | 3 4 |  4.3
Armour         | 4 5 |  5.2
Shields        | 4 5 |  5.0

Action                   |  1- 3 |  4- 6 |  7- 9 || total
-------------------------+-------+-------+-------++-------
Melee: War axe           |   100 |   139 |    82 ||   321
 Abil: Heal Wounds       |     5 |     6 |     6 ||    17
  Use: Potion            |       |       |     2 ||     2
  Eat: Chunk             |       |       |     1 ||     1
Armor: Scale mail        |    52 |   107 |    31 ||   190
Dodge: Dodged            |    29 |   117 |    42 ||   188
Block: Kite shield       |    68 |   132 |    63 ||   263

Table legend:
 A = Non-vault XP
 B = Vault XP
 C = Vault XP percentage of total XP
 D = Non-vault monster count
 E = Vault monster count
 F = Vault count percentage of total count
                 A         B        C        D         E       F
            +---------+---------+-------+---------+---------+-------
      Total |     496 |     833 |  62.7 |      44 |      18 |  29.0
            +---------+---------+-------+---------+---------+-------
        D:1 |      15 |       5 |  25.0 |       9 |       1 |  10.0
        D:2 |      16 |       0 |   0.0 |       3 |       0 |   0.0
        D:3 |      18 |     317 |  94.6 |       5 |      13 |  72.2
        D:4 |     447 |     511 |  53.3 |      27 |       4 |  12.9
            +---------+---------+-------+---------+---------+-------
